 Dungeon Crawl Stone Soup version 0.23-a0-389-g4a5eb33 (webtiles) character file.

277696 BingusPrime the Severer (level 19, -6/193 HPs)
             Began as a Deep Dwarf Hunter on Oct 28, 2018.
             Was the Champion of Makhleb.
             Mangled by Mara (illusionary)
             ... wielding a +6 demon blade of electrocution
              (14 damage)
             ... on level 3 of the Vaults on Oct 29, 2018.
             The game lasted 04:51:38 (38104 turns).

BingusPrime the Severer (Deep Dwarf Hunter)        Turns: 38104, Time: 04:51:41

Health: -6/193     AC: 27    Str: 27    XL:     19   Next: 61%
Magic:  0/0        EV: 27    Int: 16    God:    Makhleb [******]
Gold:   3392       SH:  4    Dex: 24    Spells: 24/24 levels left

rFire    . . .     SeeInvis .   X - +3 battleaxe (elec)
rCold    + . .     Gourm    .   (shield currently unavailable)
rNeg     + . .     Faith    .   N - +7 ring mail of Esoiw {rC+ rCorr Int+3}
rPois    +         Spirit   .   Z - +1 helmet of Kikubaaqudgha's Fury {rPois MR+ Str+2}
rElec    .         Reflect  +   w - +2 cloak
rCorr    +         Harm     .   O - +2 pair of gloves
MR       +++..                  e - +2 pair of boots
Stlth    +++++.....             L - +4 amulet of reflection
HPRegen  0.00/turn              P - ring of the Octopus King {AC+1 EV+1 Str+1 Int+1 Dex+1 Stlth+}
MPRegen  0.07/turn              (no ring)

@: mighty, agile, about to teleport, very slightly contaminated,
non-regenerating, invisible
A: damage resistance, heal wounds, negative energy resistance 1, sense
surroundings 3, no regeneration
}: 2/15 runes: barnacled, gossamer
a: Heal Wounds, Minor Destruction, Lesser Servant of Makhleb, Major Destruction,
Greater Servant of Makhleb, Renounce Religion


You were on level 3 of the Vaults.
You worshipped Makhleb.
Makhleb was exalted by your worship.
You were very hungry.

You visited 6 branches of the dungeon, and saw 34 of its levels.
You visited 1 bazaar.
You also visited: Sewer and Bailey.

You collected 4022 gold pieces.
You spent 630 gold pieces at shops.

Inventory:

Hand Weapons
 b - a +3 battleaxe of flaming
 i - a +3 vampiric executioner's axe
 n - the +5 hand crossbow of Defiance {velocity, +Blink Int+2}
   (You found it on level 2 of the Spider Nest)

   Any bolt fired from it inflicts extra damage.
   It affects your intelligence (+2).
   It lets you blink.
 H - a +3 arbalest of flaming
 X - a +3 battleaxe of electrocution (weapon)
Missiles
 d - 256 bolts
 A - 8 throwing nets
 I - 30 tomahawks of returning (quivered)
 Q - 48 javelins
Armour
 e - a +2 pair of boots (worn)
 w - a +2 cloak (worn)
 J - +4 fire dragon scales
 N - the +7 ring mail of Esoiw (worn) {rC+ rCorr Int+3}
   (You found it on level 8 of the Dungeon)

   It affects your intelligence (+3).
   It protects you from cold.
   It provides partial protection from all sources of acid and corrosion.
 O - a +2 pair of gloves (worn)
 R - the +2 plate armour "Xauddiba" {*Corrode rPois rF+ Int+9}
   (You found it on level 3 of the Shoals)

   It affects your intelligence (+9).
   It protects you from fire.
   It protects you from poison.
   It may corrode you when you take damage.
 Z - the +1 helmet of Kikubaaqudgha's Fury (worn) {rPois MR+ Str+2}
   (You found it on level 4 of the Shoals)

   It affects your strength (+2).
   It protects you from poison.
   It affects your resistance to hostile enchantments.
Jewellery
 a - an uncursed ring of magical power
 j - a +5 ring of strength
 L - a +4 amulet of reflection (around neck)
 P - a ring of the Octopus King (left hand) {AC+1 EV+1 Str+1 Int+1 Dex+1 Stlth+}
   (You took it off a centaur warrior on level 9 of the Dungeon)

   [ring of stealth]

   It affects your AC (+1).
   It affects your evasion (+1).
   It affects your strength (+1).
   It affects your intelligence (+1).
   It affects your dexterity (+1).
   It makes you more stealthy.
Wands
 c - a wand of flame (133)
 g - a wand of disintegration (7)
 k - a wand of acid (9)
 m - a wand of iceblast (54)
 B - a wand of paralysis (11)
Scrolls
 p - 9 scrolls of fog
 v - 17 scrolls of remove curse
 x - 5 scrolls of immolation
 y - 15 scrolls of teleportation
 F - 3 scrolls of magic mapping
 G - 4 scrolls of fear
 M - a scroll of brand weapon
Potions
 h - 5 potions of brilliance
 o - 9 potions of haste
 r - 5 potions of mutation
 t - 2 potions of resistance
 u - 2 potions of magic
 z - 4 potions of flight
 C - 15 potions of curing
 D - 2 potions of ambrosia
 E - 3 potions of lignification
 K - 3 potions of might
 S - 4 potions of berserk rage
 V - 3 potions of cancellation
 Y - 2 potions of agility
Miscellaneous
 q - a box of beasts
 T - a fan of gales
 U - a fan of gales
 W - 2 sacks of spiders
Comestibles
 f - 41 rations


   Skills:
 * Level 17.0 Fighting
   Level 1.7 Short Blades
 * Level 19.7 Axes
 - Level 17.9 Crossbows
 + Level 6.0 Throwing
 + Level 9.3 Armour
 + Level 10.8 Dodging
 + Level 5.9 Stealth
 - Level 3.4 Spellcasting
 + Level 9.2 Invocations
 - Level 7.0 Evocations


You had 24 spell levels left.
You didn't know any spells.
Your spell library contained the following spells:

 Spells                   Type           Power        Failure   Level  Hunger
 Animate Skeleton         Necr           N/A          24%         1    None
 Apportation              Tloc           #.....       24%         1    None
 Confusing Touch          Hex            #.....       24%         1    None
 Corona                   Hex            #......      24%         1    None
 Flame Tongue             Conj/Fire      #....        24%         1    None
 Infusion                 Chrm           #...         24%         1    None
 Magic Dart               Conj           #...         24%         1    None
 Pain                     Necr           #...         24%         1    None
 Shock                    Conj/Air       #...         24%         1    None
 Summon Butterflies       Summ           #.......     24%         1    None
 Summon Small Mammal      Summ           #...         24%         1    None
 Blink                    Tloc           N/A          36%         2    ##.....
 Call Imp                 Summ           #.......     36%         2    ##.....
 Corpse Rot               Necr           N/A          36%         2    ##.....
 Ensorcelled Hibernation  Hex/Ice        #.....       36%         2    ##.....
 Poisonous Vapours        Pois/Air       #.....       36%         2    ##.....
 Searing Ray              Conj           #.....       36%         2    ##.....
 Shroud of Golubria       Chrm/Tloc      #.........   36%         2    ##.....
 Slow                     Hex            #.......     36%         2    ##.....
 Song of Slaying          Chrm           #.......     36%         2    ##.....
 Swiftness                Chrm/Air       #.......     36%         2    ##.....
 Throw Flame              Conj/Fire      #.....       36%         2    ##.....
 Throw Frost              Conj/Ice       #.....       36%         2    ##.....
 Call Canine Familiar     Summ           #.......     58%         3    ###....
 Confuse                  Hex            #.......     58%         3    ###....
 Conjure Flame            Conj/Fire      #.......     58%         3    ###....
 Dazzling Spray           Conj/Hex       #.....       58%         3    ###....
 Gell's Gravitas          Tloc           #.........   58%         3    ###....
 Inner Flame              Hex/Fire       #.......     58%         3    ###....
 Lesser Beckoning         Tloc           #.........   58%         3    ###....
 Mephitic Cloud           Conj/Pois/Air  #.......     58%         3    ###....
 Ozocubu's Armour         Chrm/Ice       #.......     58%         3    ###....
 Portal Projectile        Hex/Tloc       #.....       58%         3    ###....
 Recall                   Summ/Tloc      N/A          58%         3    ###....
 Spectral Weapon          Hex/Chrm       #.......     58%         3    ###....
 Static Discharge         Conj/Air       #.......     58%         3    ###....
 Summon Guardian Golem    Hex/Summ       #.......     58%         3    ###....
 Teleport Other           Tloc           #.......     58%         3    ###....
 Tukima's Dance           Hex            #.......     58%         3    ###....
 Vampiric Draining        Necr           #.........   58%         3    ###....
 Airstrike                Air            #.........   94%         4    ####...
 Animate Dead             Necr           N/A          94%         4    ####...
 Force Lance              Conj/Tloc      #.......     94%         4    ####...
 Fulminant Prism          Conj/Hex       #.........   94%         4    ####...
 Iskenderun's Mystic Bla  Conj           #.......     94%         4    ####...
 Passage of Golubria      Tloc           N/A          94%         4    ####...
 Petrify                  Tmut/Erth      #.......     94%         4    ####...
 Sticky Flame             Conj/Fire      #.......     94%         4    ####...
 Summon Ice Beast         Ice/Summ       #.......     94%         4    ####...
 Summon Lightning Spire   Summ/Air       #.......     94%         4    ####...
 Borgnjor's Vile Clutch   Necr/Erth      #.........   100%        5    ######.
 Fireball                 Conj/Fire      #.........   100%        5    ######.
 Iskenderun's Battlesphe  Conj/Chrm      #.......     100%        5    ######.
 Lee's Rapid Deconstruct  Erth           #.........   100%        5    ######.
 Lightning Bolt           Conj/Air       #.........   100%        5    ######.
 Metabolic Englaciation   Hex/Ice        #.........   100%        5    ######.
 Silence                  Hex/Air        #.........   100%        5    ######.
 Summon Mana Viper        Hex/Summ       #.......     100%        5    ######.
 Yara's Violent Unravell  Hex/Tmut       #.........   100%        5    ######.
 Conjure Ball Lightning   Conj/Air       #.........   100%        6    #######
 Death Channel            Necr           #.........   100%        6    #######
 Deflect Missiles         Chrm/Air       #.........   100%        6    #######
 Dispersal                Tloc           #.........   100%        6    #######
 Simulacrum               Ice/Necr       #.........   100%        6    #######
 Malign Gateway           Summ/Tloc      #.........   100%        7    #######
 Monstrous Menagerie      Summ           #.........   100%        7    #######
 Ring of Flames           Chrm/Fire      #.........   100%        7    #######
 Summon Greater Demon     Summ           #.........   100%        7    #######
 Summon Hydra             Summ           #.........   100%        7    #######
 Controlled Blink         Tloc           N/A          100%        8    #######
 Disjunction              Tloc           #.........   100%        8    #######
 Summon Horrible Things   Summ           #.........   100%        8    #######
 Tornado                  Air            #.........   100%        9    #######
 Regeneration             Chrm/Necr      Unusable     N/A         3    N/A

Dungeon Overview and Level Annotations

Branches:
Dungeon (15/15)            Temple (0/1) D:5            Lair (6/6) D:11
 Shoals (4/4) Lair:4       Spider (4/4) Lair:4        Slime (0/5) Lair:6
    Orc (2/2) D:10            Elf (0/3) Orc:2        Vaults (3/5) D:14
  Crypt (0/3) Vaults:2     Depths (0/5) D:15

Altars:
Dithmenos
Elyvilon
Makhleb
Nemelex Xobeh
Trog
Wu Jian
Xom
Zin
Beogh

Shops:
D:9 [   D:13 =!%   D:15 *   Orc:1 (   Orc:2 ([*:

Portals:
Trove: D:12 (give 19 potions of curing)

Annotations:
Lair:6 exclusion: 2 oklob plants
Vaults:3 Mara


Innate Abilities, Weirdness & Mutations

You are resistant to damage.
You can heal yourself by infusing magical energy.
You resist negative energy. (rN+)
You passively map a large area around you.
You do not regenerate.


Message History

You slash BingusPrime's illusion!
Lightning courses through BingusPrime's illusion!
You slash Mara! You hit Mara but do no damage. Lightning courses through Mara!
Mara blinks!
Mara completely misses you. BingusPrime's illusion misses you.
Mara gestures at you. The bolt of fire hits you!
* * * LOW HITPOINT WARNING * * *
The bolt of fire misses Mara.
Your magical essence is drained by the effort!
You feel much better. BingusPrime's illusion hits you!
* * * LOW HITPOINT WARNING * * *
Mara misses you.
As you read the scroll of teleportation, it crumbles to dust.
You feel strangely unstable. Mara gestures at you.
You resist with almost no effort. BingusPrime's illusion misses you.
Mara hits you with a +6 demon blade of electrocution!
* * * LOW HITPOINT WARNING * * *
You are electrocuted!
You die...

.................#
.................#
#................#
#.....#+#######..#
#.....#.....[.#..#
#.....#.......#..#
*,,,,,#.......#.R#
*,,,,,#(.((...#@.#
*,,,,,#.....(.'R@#
*,,,,,#.......#.R#
*,,,,,+.......#..#
*,,,,,#.......#..#
,,,,,,#.......#..#
,,,,,,#.......#..#
,,,,,,#########..#
,,,,,,,,,,,,,,...#
,,,,,,,,,,,,,,...#


You could see 3 Maras and BingusPrime's illusion.

Vanquished Creatures
  Nikola (Shoals:1)
  Rupert (Vaults:1)
  Polyphemus (Shoals:3)
  Frances (D:13)
  Kirke (Shoals:1)
  Gastronok (D:8)
  Agnes (Vaults:1)
  Roxanne (Shoals:4)
  2 tengu reavers
  2 vault wardens (Vaults:2)
  6 emperor scorpions
  An orc warlord (Orc:1)
  A ghost moth (Spider:4)
  2 spriggan defenders (Vaults:1)
  9 ironheart preservers
  2 stone giants (Vaults:2)
  A vampire knight (Vaults:1)
  3 entropy weavers
  Azrael (D:15)
  A deep elf annihilator (Vaults:1)
  5 dire elephants (Lair:6)
  2 spark wasps
  3 merfolk javelineers (Shoals:4)
  Snorg (D:10)
  10 merfolk impalers
  2 fire dragons
  Harold (D:8)
  A great orb of eyes (Vaults:3)
  2 ice dragons
  6 hydras
  A vault guard (Vaults:2)
  6 centaur warriors
  2 death knights
  2 catoblepae
  3 alligator snapping turtles
  3 satyrs
  4 death yaks (Shoals:3)
  5 merfolk aquamancers
  5 ogre magi
  A tengu warrior (D:14)
  15 two-headed ogres
  An anaconda (Lair:6)
  A vampire mage (Vaults:2)
  Urug (Orc:1)
  A deep troll shaman (Vaults:2)
  4 orc high priests (Orc:2)
  A deep elf knight (Vaults:2)
  7 sea snakes
  A skeletal warrior (Vaults:2)
  An unseen horror (D:14)
  7 deep trolls (Vaults:2)
  3 deep elf archers
  5 glowing orange brains
  Pikel (D:4)
  7 ironbrand convokers
  27 ugly things
  12 harpies
  A frost giant zombie (Vaults:2)
  5 wizards
  A phantasmal warrior (D:15)
  19 orb spiders
  10 manticores
  8 orc knights
  4 orc sorcerers (Orc:2)
  3 oklob plants (D:14)
  35 wolf spiders
  11 deep elf magi
  8 cyclopes
  A stone giant zombie (Vaults:2)
  9 slime creatures
  16 fauns
  4 elephants (Lair:6)
  14 vault sentinels
  2 black mambas
  Maurice (D:13)
  A fire giant skeleton (Vaults:2)
  6 centaur skeletons
  13 water nymphs
  6 spiny frogs
  6 rime drakes
  6 komodo dragons
  A yaktaur (shapeshifter) (Vaults:2)
  4 torpor snails
  2 kobold demonologists
  4 demonic crawlers
  5 freezing wraiths
  4 yaktaurs (Vaults:2)
  A tengu conjurer (D:14)
  A yaktaur skeleton (Vaults:2)
  3 meliai (Lair:4)
  37 jumping spiders
  30 merfolk
  10 trolls
  A queen bee (Lair:4)
  3 wind drakes
  20 blink frogs
  8 dream sheep
  7 hornets
  4 snapping turtles
  20 hippogriffs
  A spriggan (D:12)
  2 centaur simulacra
  10 water elementals
  63 yaks
  A spriggan (shapeshifter) (Vaults:2)
  2 shadows
  23 tarantellas
  2 wraiths
  95 redbacks
  4 fire elementals (D:15)
  9 wyverns
  4 hogs (Shoals:1)
  A hog (shapeshifter) (D:13)
  7 basilisks
  3 vampire mosquitoes (D:12)
  4 hungry ghosts
  Menkaure (D:6)
  A warg (Vaults:2)
  2 hell hounds (D:15)
  5 porcupines
  2 acid dragons
  A floating eye (D:14)
  16 water moccasins
  40 orc warriors
  A sky beast (D:7)
  A hornet zombie (D:15)
  A meliai simulacrum (D:14)
  Purgy (D:4)
  3 ice beasts
  2 slaves (D:4)
  8 boggarts
  20 wolves
  15 ogres
  The ghost of antrollio the Stinger, an amateur DrVM (D:3)
  16 centaurs
  13 crocodiles
  Blork the orc (D:6)
  6 big kobolds
  17 bullfrogs
  A water moccasin zombie (D:9)
  A wyvern zombie (D:13)
  A wyvern skeleton (D:9)
  A water moccasin skeleton (D:11)
  3 scorpions
  A troll zombie (D:10)
  31 killer bees (Lair:4)
  3 wights (D:6)
  4 electric eels
  4 howler monkeys
  2 bullfrog zombies
  7 crimson imps
  A quasit (D:8)
  3 centaur zombies
  A gnoll shaman (Orc:1)
  12 jellies
  34 orc wizards
  19 orc priests
  4 hounds
  3 bullfrog skeletons
  3 iguanas
  7 worker ants
  6 merfolk avatars
  12 merfolk sirens
  5 ogre zombies (D:10)
  3 hound zombies
  2 howler monkey zombies
  A worker ant zombie (D:8)
  Robin (D:4)
  6 gnolls
  16 adders
  4 river rats
  A shadow imp (D:9)
  A white imp (Vaults:1)
  6 oozes
  2 adder skeletons
  5 worms
  3 leopard geckos
  103 orcs
  6 giant cockroaches
  26 goblins
  10 hobgoblins
  9 jackals
  5 quokkas
  8 ball pythons
  7 bats
  6 frilled lizards
  A goblin skeleton (D:10)
  5 goblin zombies (D:10)
  2 hobgoblin skeletons (D:10)
  A hobgoblin zombie (D:10)
  A jackal skeleton (D:3)
  48 kobolds
  A leopard gecko skeleton (D:6)
  2 orc skeletons (D:10)
  8 orc zombies (D:10)
  29 rats
  A fungus (Lair:6)
  15 plants
1473 creatures vanquished.

Vanquished Creatures (collateral kills)
  An emperor scorpion (Spider:4)
  A dire elephant (Lair:6)
  An orb spider (Spider:4)
  A plant (Lair:6)
4 creatures vanquished.

Vanquished Creatures (others)
  A merfolk javelineer (Shoals:4)
  A merfolk impaler (Shoals:4)
  Sonja (D:10)
  A deep elf knight (Vaults:2)
  A deep elf archer (Vaults:2)
  A necromancer (Vaults:2)
  2 cyclopes (Vaults:1)
  A wizard (D:5)
  A centaur zombie (D:15)
  A merfolk siren (Shoals:2)
  2 hippogriffs (D:15)
  2 basilisks (D:15)
  An acid dragon (Vaults:2)
  2 kobolds (Bailey)
  9 fungi
  9 plants
  10 toadstools (D:8)
46 creatures vanquished.

Grand Total: 1523 creatures vanquished

Notes
Turn   | Place    | Note
-------+----------+-------------------------------------------
     0 | D:1      | BingusPrime the Deep Dwarf Hunter began the quest for the
                  | Orb.
     0 | D:1      | Reached XP level 1. HP: 19/19 MP: 1/1
   348 | D:1      | Reached XP level 2. HP: 26/26 MP: 2/2
   536 | D:2      | Reached skill level 5 in Crossbows
   622 | D:2      | Reached XP level 3. HP: 32/32 MP: 3/3
   817 | D:2      | Found a glowing silver altar of Zin.
   820 | D:2      | Found an ornate altar of the Wu Jian Council.
   822 | D:2      | Found a shadowy altar of Dithmenos.
   822 | D:2      | Found a white marble altar of Elyvilon.
   878 | D:2      | Found a shimmering altar of Xom.
  1358 | D:3      | Reached XP level 4. HP: 24/39 MP: 4/4
  1581 | D:3      | Found a runed gate.
  1581 | D:3      | Found a runed gate.
  1581 | D:3      | Found a runed gate.
  1715 | D:3      | Found a burning altar of Makhleb.
  1716 | D:3      | Noticed a balrug
  1720 | D:3      | Noticed a neqoxec
  1720 | D:3      | Noticed a smoke demon
  1722 | D:3      | Became a worshipper of Makhleb the Destroyer
  1862 | D:3      | Found a glowing drain.
  1895 | Sewer    | Entered a sewer
  1910 | Sewer    | Reached skill level 1 in Armour
  2009 | Sewer    | Reached * piety under Makhleb
  2018 | Sewer    | Reached skill level 1 in Axes
  2018 | Sewer    | Reached XP level 5. HP: 33/46 MP: 4/4
  3092 | D:3      | Noticed antrollio's ghost (amateur DrVM)
  3120 | D:3      | Reached ** piety under Makhleb
  3120 | D:3      | Reached XP level 6. HP: 37/55 MP: 3/3
  3128 | D:3      | Killed antrollio's ghost
  3128 | D:3      | Reached skill level 2 in Axes
  3453 | D:4      | Reached skill level 3 in Axes
  3508 | D:4      | Reached XP level 7. HP: 39/62 MP: 4/4
  3516 | D:4      | Noticed Robin
  3525 | D:4      | Killed Robin
  3799 | D:4      | Noticed Pikel
  3805 | D:4      | Killed Pikel
  3805 | D:4      | Reached skill level 5 in Axes
  3805 | D:4      | Reached XP level 8. HP: 38/72 MP: 5/5
  3807 | D:4      | Noticed Purgy
  3835 | D:4      | Killed Purgy
  4068 | D:5      | Entered Level 5 of the Dungeon
  4145 | D:5      | Found a staircase to the Ecumenical Temple.
  4284 | D:5      | Reached *** piety under Makhleb
  4496 | D:5      | Found a bloodstained altar of Trog.
  4727 | D:5      | Noticed a wizard
  4733 | D:5      | Killed a wizard
  4777 | D:6      | Noticed Menkaure
  4781 | D:6      | Killed Menkaure
  4793 | D:6      | Reached skill level 5 in Fighting
  4806 | D:6      | Found a sparkling altar of Nemelex Xobeh.
  4882 | D:6      | Found a bloodstained altar of Trog.
  4885 | D:6      | Reached skill level 6 in Axes
  5016 | D:6      | Gained mutation: You passively map the area around you.
                  | [Deep Dwarf growth]
  5016 | D:6      | Reached XP level 9. HP: 52/81 MP: 5/5
  5192 | D:6      | Noticed Blork the orc
  5197 | D:6      | Killed Blork the orc
  5538 | D:7      | Reached skill level 7 in Axes
  5819 | D:8      | Noticed a two-headed ogre
  5822 | D:8      | Killed a two-headed ogre
  5825 | D:8      | Reached **** piety under Makhleb
  5915 | D:8      | Noticed Gastronok
  5921 | D:8      | Reached skill level 10 in Crossbows
  5921 | D:8      | Noticed Harold
  5966 | D:8      | Killed Harold
  5966 | D:8      | Reached XP level 10. HP: 73/92 MP: 6/6
  6004 | D:8      | Killed Gastronok
  6004 | D:8      | Reached skill level 8 in Axes
  6004 | D:8      | Reached skill level 5 in Dodging
  6342 | D:8      | Got a heavily runed ring mail
  6353 | D:8      | Identified the +7 ring mail of Esoiw {rC+ rCorr Int+3} (You
                  | found it on level 8 of the Dungeon)
  6639 | D:8      | Reached skill level 1 in Throwing
  7113 | D:9      | Found Yfy Omet's Antique Armour Emporium.
  7258 | D:9      | Reached XP level 11. HP: 76/103 MP: 7/7
  7269 | D:9      | Identified the Almanac of Enhancements and Stolen Souls
  7307 | D:9      | Identified the +8 dagger of Aseus {pierce, rC- rN++ Str+2
                  | Dex+3}
  7307 | D:9      | Noticed a deep elf mage
  7313 | D:9      | Reached ***** piety under Makhleb
  7315 | D:9      | Reached skill level 5 in Armour
  7316 | D:9      | Killed a deep elf mage
  7344 | D:9      | Identified a ring of the Octopus King {AC+1 EV+1 Str+1
                  | Int+1 Dex+1 Stlth+}
  7344 | D:9      | Noticed a centaur warrior
  7360 | D:9      | Killed a centaur warrior
  7360 | D:9      | Reached skill level 9 in Axes
  7367 | D:9      | Identified the Tome of Boosting Feathers
  7655 | D:9      | Found a runed door.
  7671 | D:9      | Found a runed door.
  7949 | D:10     | Entered Level 10 of the Dungeon
  8149 | D:10     | Found a staircase to the Orcish Mines.
  8414 | D:10     | Reached skill level 1 in Short Blades
  8514 | D:10     | Noticed Sonja
  8521 | D:10     | Killed Sonja
  8642 | D:10     | Noticed Snorg
  8661 | D:10     | Killed Snorg
  9215 | D:11     | Got a faintly glowing whip
  9216 | D:11     | Identified the +9 whip "Impslayer" {slash, +Blink rElec
                  | Int+3 Stlth-} (You found it on level 11 of the Dungeon)
  9514 | D:11     | Found a staircase to the Lair.
  9776 | Lair:1   | Entered Level 1 of the Lair of Beasts
  9799 | Lair:1   | Reached skill level 10 in Axes
  9808 | Lair:1   | Reached XP level 12. HP: 114/114 MP: 6/6
  9993 | Lair:1   | Reached skill level 1 in Invocations
 10127 | Lair:1   | Reached ****** piety under Makhleb
 10482 | Lair:1   | Reached skill level 11 in Axes
 10982 | Lair:2   | Reached skill level 10 in Fighting
 12694 | Lair:4   | Noticed a seven-headed hydra
 12700 | Lair:4   | Killed a seven-headed hydra
 12775 | Lair:4   | Noticed an eight-headed hydra
 12785 | Lair:4   | Killed an eight-headed hydra
 12970 | Lair:4   | Reached XP level 13. HP: 124/124 MP: 8/8
 13087 | Lair:4   | Found a hole to the Spider Nest.
 13437 | Lair:4   | Reached skill level 12 in Axes
 13527 | Lair:4   | Found a staircase to the Shoals.
 13737 | Lair:4   | Identified Sif Muna's Volume of Evil and Protection
 13877 | Lair:5   | Found a labyrinth entrance.
 14829 | Lair:6   | Entered Level 6 of the Lair of Beasts
 15721 | Lair:6   | Found a staircase to the Slime Pits.
 15885 | Lair:6   | Noticed a dire elephant
 15885 | Lair:6   | Noticed a dire elephant
 15902 | Lair:6   | Killed a dire elephant
 15914 | Lair:6   | Killed a dire elephant
 15914 | Lair:6   | Gained mutation: You resist negative energy. (rN+) [Deep
                  | Dwarf growth]
 15914 | Lair:6   | Reached XP level 14. HP: 54/136 MP: 8/8
 16279 | Lair:6   | Reached skill level 13 in Axes
 17614 | Orc:1    | Entered Level 1 of the Orcish Mines
 17619 | Orc:1    | Noticed Urug
 17624 | Orc:1    | Killed Urug
 17624 | Orc:1    | Reached skill level 1 in Evocations
 17707 | Orc:2    | Entered Level 2 of the Orcish Mines
 17721 | Orc:2    | Found a roughly hewn altar of Beogh.
 17795 | Orc:2    | Reached skill level 15 in Crossbows
 17914 | Orc:2    | Found a staircase to the Elven Halls.
 18278 | Orc:2    | Noticed an orc warlord
 18628 | D:12     | Found a flagged portal.
 18646 | Bailey   | Entered a bailey
 19544 | D:12     | Found a portal to a secret trove of treasure.
 20121 | Orc:1    | Killed an orc warlord
 20121 | Orc:1    | Reached skill level 5 in Stealth
 20383 | Orc:2    | Reached skill level 5 in Invocations
 20426 | Orc:2    | Found Taibb's Antique Armour Boutique.
 20607 | Orc:2    | Found Fipa's General Store.
 20607 | Orc:2    | Found Ylonwoag's Book Boutique.
 20609 | Orc:2    | Found Yzilaeg's Antique Weapon Shop.
 20936 | Orc:1    | Found Ipuziof's Weapon Shop.
 21349 | D:13     | Found Ydyph's Distillery.
 21468 | D:13     | Found Niumu's Food Emporium.
 21556 | D:13     | Noticed Maurice
 21582 | D:13     | Killed Maurice
 21678 | D:13     | Found Saysk's Jewellery Boutique.
 21798 | D:13     | Reached skill level 14 in Axes
 22002 | D:13     | Noticed Frances
 22016 | D:13     | Killed Frances
 22016 | D:13     | Reached XP level 15. HP: 146/146 MP: 3/5
 22039 | D:13     | Identified the +7 scale mail of Neoll {+Fly} (You found it
                  | on level 13 of the Dungeon)
 22594 | D:14     | Found a gate to the Vaults.
 23319 | D:14     | Paralysed by a floating eye for 3 turns
 23386 | D:15     | Entered Level 15 of the Dungeon
 23694 | D:15     | Noticed Azrael
 23704 | D:15     | Killed Azrael
 23826 | D:15     | Found Ceczisic's General Store.
 24435 | D:15     | Found a staircase to the Depths.
 24757 | Spider:1 | Entered Level 1 of the Spider Nest
 25179 | Spider:1 | Reached XP level 16. HP: 158/158 MP: 6/6
 25639 | Spider:2 | Reached skill level 15 in Axes
 26224 | Spider:2 | Got a jewelled hand crossbow
 26225 | Spider:2 | Identified the +5 hand crossbow of Defiance {velocity,
                  | +Blink Int+2} (You found it on level 2 of the Spider Nest)
 27986 | Spider:3 | Identified Estu's Collected Works on Stones and
                  | Weightlessness
 28145 | Spider:4 | Entered Level 4 of the Spider Nest
 28414 | Spider:4 | Reached XP level 17. HP: 146/168 MP: 7/7
 28878 | Spider:4 | Got a gossamer rune of Zot
 29577 | Shoals:1 | Entered Level 1 of the Shoals
 29578 | Shoals:1 | Noticed Kirke
 29596 | Shoals:1 | Killed Kirke
 29668 | Shoals:1 | Reached skill level 16 in Axes
 29809 | Shoals:1 | Reached skill level 15 in Fighting
 29809 | Shoals:1 | Reached skill level 5 in Evocations
 30008 | Shoals:1 | Noticed Nikola
 30037 | Shoals:1 | Killed Nikola
 30896 | Shoals:2 | Reached skill level 5 in Throwing
 30960 | Shoals:2 | Reached skill level 10 in Dodging
 31545 | Shoals:3 | Noticed Polyphemus
 31709 | Shoals:3 | Killed Polyphemus
 31817 | Shoals:3 | Identified a scroll of acquirement
 32041 | Shoals:3 | Identified the +2 plate armour "Xauddiba" {*Corrode rPois
                  | rF+ Int+9} (You found it on level 3 of the Shoals)
 32084 | Shoals:3 | Gained mutation: You passively map a large area around you.
                  | [Deep Dwarf growth]
 32084 | Shoals:3 | Reached XP level 18. HP: 140/180 MP: 7/7
 32173 | Shoals:4 | Entered Level 4 of the Shoals
 32230 | Shoals:4 | Reached skill level 1 in Spellcasting
 32235 | Shoals:4 | Reached skill level 17 in Axes
 32293 | Shoals:4 | Got a barnacled rune of Zot
 32352 | Shoals:4 | Noticed Roxanne
 32375 | Shoals:4 | Killed Roxanne
 32570 | Shoals:4 | Got an encrusted helmet
 32581 | Shoals:4 | Identified the +1 helmet of Kikubaaqudgha's Fury {rPois MR+
                  | Str+2} (You found it on level 4 of the Shoals)
 33226 | Shoals:4 | Identified the Handbook of the Oath and Snow
 33952 | Vaults:1 | Entered Level 1 of the Vaults
 34110 | Vaults:1 | Noticed Agnes
 34110 | Vaults:1 | Noticed Rupert
 34391 | Vaults:1 | Reached skill level 18 in Axes
 34549 | Vaults:1 | Killed Rupert
 34574 | Vaults:1 | Killed Agnes
 35369 | Vaults:1 | Upgraded the game from 0.23-a0-386-g9c9d49f to
                  | 0.23-a0-389-g4a5eb33
 35448 | Vaults:2 | Got an ichor-stained helmet
 35459 | Vaults:2 | Identified the +2 helmet of Xopuotsyp {rPois rF+ Int+5}
                  | (You found it on level 2 of the Vaults)
 35654 | Vaults:2 | Reached XP level 19. HP: 177/188 MP: 3/3
 35949 | Vaults:2 | Reached skill level 19 in Axes
 36181 | Vaults:2 | Found a staircase to the Crypt.
 37331 | Vaults:3 | Found a flickering gateway to a bazaar.
 37338 | Bazaar   | Entered a bazaar
 37338 | Bazaar   | Found Etolas Modo's Gadget Shoppe.
 37348 | Bazaar   | Found Wafruemina's Armour Emporium.
 37351 | Bazaar   | Found Ruuney's Gadget Shoppe.
 37376 | Bazaar   | Found Kopra's Magic Scroll Emporium.
 37385 | Bazaar   | Found Aggufez's General Store.
 37402 | Bazaar   | Bought a scroll of enchant weapon for 90 gold pieces
 37453 | Bazaar   | Bought a scroll of brand weapon for 240 gold pieces
 37468 | Bazaar   | Bought a sack of spiders for 300 gold pieces
 38061 | Vaults:3 | Noticed Mara
 38083 | Vaults:3 | Noticed BingusPrime's illusion
 38091 | Vaults:3 | HP: 7/193 [Mara (illusionary)/bolt of fire (28)]
 38097 | Vaults:3 | HP: 2/193 [Mara (illusionary)/+6 demon blade of
                  | electrocution (16)]
 38102 | Vaults:3 | HP: 7/193 [Mara (illusionary)/bolt of fire (34)]
 38104 | Vaults:3 | Mangled by Mara (illusionary)

Vault maps used:
D:1:      eino_arrival_water_cross
D:2:      grunt_temple_overflow_open, tgw_xom
D:3:      makhleb_altar_promises_db, gammafunk_ghost_necromancy,
          portal_sewer_entry_b, first_ration, minmay_joined_circles
D:4:      uniq_purgy, uniq_pikel, uniq_robin
D:5:      minmay_temple_entry_statues_fountains, trog_wizard
D:6:      old_standard_altar, old_standard_altar, uniq_menkaure,
          uniq_blork_the_orc
D:8:      cheibrodos_fertilizer, uniq_gastronok, uniq_harold
D:9:      minmay_the_grid_triangle_9x9_recursive_2, serial_shops, shop
D:10:     zombieorc1_lemuel, uniq_sonja, uniq_snorg
D:11:     lair_entry_dummy
D:12:     enter_bailey_3, nicolae_trove_entry_free_sample, hangedman_stone_soup
D:13:     serial_shops, nicolae_shop_crystal, shop, shop, uniq_frances,
          uniq_maurice
D:14:     david_vaults_2, minmay_misc_feat_enclosed, kennysheep_path_1,
          disabler_island
D:15:     grunt_enter_depths_hoard, special_room, serial_shops,
          nicolae_shop_behind_doors, nicolae_wwwww, uniq_azrael
Lair:2:   guppyfry_lair_drakes, serial_bayou_shore_b
Lair:4:   regret_index_bee_streams, elwin_shoals_entry_rooms,
          spider_nest_entry_webs
Lair:5:   serial_bayou, serial_bayou_pond_e, serial_bayou_lagoon_a,
          serial_bayou_pond_e, serial_bayou_lake_a, lab_entry_generic,
          st_stairs_11
Lair:6:   due_jungle_book, minmay_slime_entry_oklob_open
Shoals:1: uniq_kirke, uniq_nikola
Shoals:2: nicolae_shoals_flooded_hall
Shoals:3: uniq_polyphemus
Shoals:4: shoals_end_hangedman, nicolae_shoals_cliffside_cave, uniq_roxanne
Spider:4: grunt_spider_rune_circles
Orc:1:    serial_shops, nicolae_shop_statue_plus, uniq_urug
Orc:2:    st_orc_congregation, mines1_david
Vaults:1: nicolae_vaults_hallways_thing, nicolae_vaults_sealed_display,
          sword_in_stone, vaults_room_grunt_arrival_ludios, serial_ice_g,
          v_misc_27, v_misc_8, nicolae_vaults_rhombus_6, grunt_vaults_funnel,
          vaults_room_stairs_pillars
Vaults:2: vaults_standard_mumra_x, nicolae_vaults_twisting_passages, v_misc_1,
          st_lattice, ontoclasm_vaults_loading_screen,
          minmay_crypt_entry_simple_walls, v_misc_3,
          nicolae_vaults_mini_display_case, v_rooms_2,
          ontoclasm_vaults_shuriken, ontoclasm_vaults_idyll,
          nicolae_vaults_theta
Vaults:3: hangedman_vaults_unwind, vaults_room_stairs_pillars, v_rooms_3,
          nicolae_vaults_puzzle_piece, v_misc_12,
          ontoclasm_vaults_loading_screen, nicolae_vaults_diagonal_hallway_7,
          serial_shops, bzr_entry_road, uniq_mara
Bazaar:   bazaar_kb_twisted_cavern
Sewer:    sewer_sea
Bailey:   bailey_axe_4, bailey

Skill      XL: |  1  2  3  4  5  6  7  8  9 10 11 12 13 14 15 16 17 18 19 |
---------------+----------------------------------------------------------+-----
Crossbows      | 5 6 7 8 10 11 12 13 14 15 16 17 | 17.9
Fighting       | 2 3 4 5 6 7 9 10 11 12 13 14 15 16 17 | 17.0
Armour         | 1 2 3 4 5 6 7 8 9 |  9.3
Axes           | 1 3 5 6 7 8 10 11 12 14 15 16 18 19 | 19.7
Stealth        | 2 3 4 5 |  5.9
Dodging        | 3 4 5 6 7 8 9 10 | 10.8
Throwing       | 1 2 3 4 5 6 |  6.0
Short Blades   | 1 |  1.7
Invocations    | 2 5 7 9 |  9.2
Evocations     | 1 4 7 |  7.0
Spellcasting   | 3 |  3.4

Action                   |  1- 3 |  4- 6 |  7- 9 | 10-12 | 13-15 | 16-18 | 19-21 || total
-------------------------+-------+-------+-------+-------+-------+-------+-------++-------
Melee: War axe           |       |   257 |   148 |   384 |   728 |       |       ||  1517
       Dagger            |       |       |       |   142 |       |       |       ||   142
       Battleaxe         |       |       |       |       |   362 |   934 |   177 ||  1473
       Executioner's axe |       |       |       |       |       |   291 |       ||   291
 Fire: Hand crossbow     |   110 |    31 |    15 |       |       |    33 |       ||   189
       Arbalest          |       |       |    61 |   193 |   518 |   432 |   185 ||  1389
Throw: Tomahawk          |       |       |       |    67 |   107 |   285 |     9 ||   468
       Javelin           |       |       |       |       |    26 |       |       ||    26
       Throwing net      |       |       |       |       |     2 |       |       ||     2
Invok: Minor Destruction |       |       |       |     2 |       |       |       ||     2
 Abil: Heal Wounds       |       |     8 |     8 |    10 |    21 |    36 |     7 ||    90
       Evoke Berserk Rag |       |       |       |     1 |       |       |       ||     1
       Evoke Flight      |       |       |       |       |     3 |       |       ||     3
       Evoke Blink       |       |       |       |       |       |     1 |       ||     1
Evoke: Wand              |       |       |     1 |       |       |     4 |       ||     5
       Sack of spiders   |       |       |       |       |     9 |     6 |       ||    15
       Phantom mirror    |       |       |       |       |     1 |       |       ||     1
  Use: Scroll            |     3 |       |    11 |    10 |    20 |    17 |     4 ||    65
       Potion            |       |       |       |     2 |     3 |     7 |     5 ||    17
 Stab: Sleeping          |       |     2 |     2 |     7 |    11 |     3 |       ||    25
       Petrifying        |       |       |       |       |     2 |       |       ||     2
       Distracted        |       |       |       |       |       |     2 |       ||     2
       Held in net/web   |       |       |       |       |       |     1 |       ||     1
  Eat: Chunk             |     1 |     5 |     7 |     9 |    35 |     9 |     7 ||    73
       Ration            |       |     1 |       |     6 |     2 |     9 |       ||    18
Armor: Leather armour    |    10 |    76 |    31 |     6 |       |       |       ||   123
       Ring mail         |       |       |       |   232 |   557 |   767 |    74 ||  1630
Dodge: Dodged            |    11 |   270 |   156 |   546 |  1169 |  1423 |   212 ||  3787
Block: Other             |       |       |     6 |    86 |   164 |   238 |    39 ||   533
       Reflection        |       |       |     1 |     2 |    18 |    30 |     4 ||    55

Table legend:
 A = Non-vault XP
 B = Vault XP
 C = Vault XP percentage of total XP
 D = Non-vault monster count
 E = Vault monster count
 F = Vault count percentage of total count
                 A         B        C        D         E       F
            +---------+---------+-------+---------+---------+-------
      Total |  276971 |  159771 |  36.6 |     959 |     510 |  34.7
            +---------+---------+-------+---------+---------+-------
        D:1 |      16 |       0 |   0.0 |      11 |       0 |   0.0
        D:2 |      58 |      14 |  19.4 |      25 |       4 |  13.8
        D:3 |      36 |     206 |  85.1 |      17 |      22 |  56.4
        D:4 |     362 |     815 |  69.2 |      19 |      13 |  40.6
        D:5 |     423 |       0 |   0.0 |      10 |       0 |   0.0
        D:6 |     980 |     272 |  21.7 |      23 |       2 |   8.0
        D:7 |     558 |       0 |   0.0 |       8 |       0 |   0.0
        D:8 |    2020 |    4342 |  68.2 |      23 |      18 |  43.9
        D:9 |     721 |    3683 |  83.6 |      15 |      13 |  46.4
       D:10 |    1812 |    2281 |  55.7 |      35 |      30 |  46.2
       D:11 |     874 |       0 |   0.0 |      11 |       0 |   0.0
       D:12 |    8110 |     855 |   9.5 |      55 |       8 |  12.7
       D:13 |    2972 |    2751 |  48.1 |      11 |       2 |  15.4
       D:14 |    9644 |    4509 |  31.9 |      34 |       7 |  17.1
       D:15 |   11731 |   10790 |  47.9 |      35 |      27 |  43.5
     Lair:1 |   10264 |       0 |   0.0 |      54 |       0 |   0.0
     Lair:2 |    1494 |     406 |  21.4 |       9 |       2 |  18.2
     Lair:3 |    1479 |       0 |   0.0 |       8 |       0 |   0.0
     Lair:4 |    4908 |    8785 |  64.2 |      17 |      58 |  77.3
     Lair:5 |    3332 |     433 |  11.5 |      16 |       1 |   5.9
     Lair:6 |   18203 |    2805 |  13.4 |      52 |       5 |   8.8
   Shoals:1 |   13117 |    7053 |  35.0 |      24 |       6 |  20.0
   Shoals:2 |   17241 |    5091 |  22.8 |      32 |      12 |  27.3
   Shoals:3 |   14968 |    6949 |  31.7 |      30 |       6 |  16.7
   Shoals:4 |   10513 |   21109 |  66.8 |      21 |      33 |  61.1
   Spider:1 |   20829 |       0 |   0.0 |      64 |       0 |   0.0
   Spider:2 |   19765 |       0 |   0.0 |      57 |       0 |   0.0
   Spider:3 |   16512 |       0 |   0.0 |      41 |       0 |   0.0
   Spider:4 |   10468 |   19771 |  65.4 |      29 |      40 |  58.0
      Orc:1 |    1369 |    2539 |  65.0 |      16 |       3 |  15.8
      Orc:2 |    3275 |    9692 |  74.7 |      45 |      73 |  61.9
   Vaults:1 |   15136 |   19984 |  56.9 |      25 |      20 |  44.4
   Vaults:2 |   38808 |   21606 |  35.8 |      64 |      37 |  36.6
   Vaults:3 |   14973 |    1178 |   7.3 |      23 |       2 |   8.0
      Sewer |       0 |     195 | 100.0 |       0 |      39 | 100.0
     Bailey |       0 |    1657 | 100.0 |       0 |      27 | 100.0
            +---------+---------+-------+---------+---------+-------
